 Dungeon Crawl Stone Soup version 0.18.1-47-g9310371 (webtiles) character file.

11730 nikopol the Spear-Bearer (level 11, -12/99 HPs)
             Began as a Minotaur Berserker on June 23, 2016.
             Was a High Priest of Trog.
             Mangled by a polar bear (24 damage)
             ... in an ice cave.
             The game lasted 00:45:27 (11728 turns).

nikopol the Spear-Bearer (Minotaur Berserker)      Turns: 11728, Time: 00:45:28

Health: -12/99     AC: 15    Str: 23    XL:     11   Next: 53%
Magic:  10/10      EV: 12    Int:  4    God:    Trog [*****.]
Gold:   532        SH:  0    Dex: 12    Spells: 0 memorised, 10 levels left

rFire  . . .     SeeInvis +     x - +3 trident (holy)
rCold  . . .     Gourm    .     g - +2 chain mail {rPois}
rNeg   . . .     Faith    .     (no shield)
rPois  +         Spirit   .     h - +0 hat
rElec  .         Dismiss  +     B - +1 cloak
rCorr  .         Reflect  .     (no gloves)
SustAt .         Harm     .     (no boots)
MR     .....                    C - amulet of dismissal
Stlth  ..........               (no ring)
                                F - ring of see invisible

@: not resistant to hostile enchantments, extremely unstealthy
A: retaliatory headbutt, horns 2
a: Berserk, Trog's Hand, Brothers in Arms, Burn Spellbooks, Renounce Religion


You were in an ice cave.
You worshipped Trog.
Trog was extremely pleased with you.
You were not hungry.

You visited 2 branches of the dungeon, and saw 9 of its levels.
You also visited: Ice Cave.

You collected 532 gold pieces.

Inventory:

Hand Weapons
 c - a +0 shortbow
 w - a +0 spear
 x - a +3 trident of holy wrath (weapon)
 G - a +0 halberd
 O - a +0 trident
Missiles
 d - 183 arrows (quivered)
Armour
 g - a +2 chain mail of poison resistance (worn)
 h - a +0 hat (worn)
 n - a +3 ring mail of fire resistance
 t - a +0 cloak
 y - a +0 chain mail of fire resistance
 B - a +1 cloak (worn)
Jewellery
 C - an amulet of dismissal (around neck)
 F - a ring of see invisible (left hand)
Wands
 u - a wand of disintegration (24/24)
 K - a wand of paralysis (16/24)
 M - a wand of iceblast (8/15)
 N - a wand of polymorph (13/24)
Scrolls
 b - 3 scrolls of recharging
 m - 2 scrolls of teleportation
 s - a scroll of magic mapping
 A - a scroll of holy word {unknown}
 D - 3 scrolls of enchant weapon {unknown}
 E - a scroll of enchant armour {unknown}
 Q - a scroll of random uselessness {unknown}
Potions
 a - a potion of cure mutation {unknown}
 e - 4 potions of haste
 f - 2 potions of heal wounds
 j - 2 potions of degeneration {unknown}
 k - a potion of agility {unknown}
 l - 5 potions of brilliance {unknown}
 o - 3 potions of cancellation {unknown}
 r - 4 potions of might
 v - 6 potions of curing {unknown}
 z - a potion of mutation {unknown}
 H - a potion of flight {unknown}
 P - a potion of ambrosia {unknown}
Comestibles
 i - 3 meat rations
 p - 16 fruits
 q - a chunk of flesh
 I - 3 bread rations
 J - a royal jelly
 L - 6 slices of pizza


   Skills:
 + Level 9.7 Fighting
 * Level 12.1 Polearms
 * Level 9.6 Bows
 + Level 9.3 Armour
 + Level 8.5 Dodging


You had 10 spell levels left.
You didn't know any spells.

Dungeon Overview and Level Annotations

Branches:
Dungeon (8/15)             Temple (0/1) D:7            Lair (1/8) D:8

Altars:
Cheibriados
Dithmenos
Gozag
Kikubaaqudgha
Makhleb
Nemelex Xobeh
Okawaru
Qazlal
Ru
Sif Muna
Trog
The Shining One

Shops:
D:4 *   D:7 ((

Annotations:
IceCv Gagarin's ghost, journeyman DDFi


Innate Abilities, Weirdness & Mutations

You reflexively headbutt those who attack you in melee.
You have a pair of horns on your head.


Message History

The polar bear is engulfed in freezing vapours.
The polar bear bites you!
* * * LOW HITPOINT WARNING * * *
The polar bear claws you.
* * * LOW HITPOINT WARNING * * *
The polar bear claws you but does no damage.
Drink which item? (? for menu, Esc to quit)
You feel much better.
You are engulfed in freezing vapours.
* * * LOW HITPOINT WARNING * * *
The polar bear closely misses you.
The polar bear claws you but does no damage.
The polar bear barely misses you.
The polar bear is engulfed in freezing vapours.
The polar bear barely misses you.
The polar bear claws you but does no damage. x2
Drink which item? (? for menu, Esc to quit)
You feel much better.
You are engulfed in freezing vapours.
* * * LOW HITPOINT WARNING * * *
The polar bear bites you!!
You die...

#..###.##
#.########
##.##§##.##
#§§§§§##}##
##§§..§.#§#
####§§#.§#
##§##§#
####h# #@##
##h# ##..#
#..## #.
#..##
#..###.#
#...†##
##..## ###


You could see 2 polar bears.

Vanquished Creatures
  An orc warlord (D:7)
  A hydra (D:8)
  Pikel (D:5)
  Joseph (D:7)
  A spiny frog (Lair:1)
  2 polar bears (IceCv)
  A two-headed ogre (D:8)
  Eustachio (D:5)
  5 yaks
  Grum (D:8)
  13 wargs
  A water moccasin (Lair:1)
  9 orc warriors
  4 slaves (D:5)
  A black bear (D:6)
  3 phantoms
  6 ogres
  14 wolves
  5 centaurs
  3 big kobolds (D:8)
  6 giant frogs
  A gnoll sergeant (D:6)
  A water moccasin zombie (D:6)
  2 scorpions
  5 crimson imps
  4 giant frog skeletons
  7 orc priests
  7 hounds
  8 orc wizards
  Crazy Yiuf (D:2)
  6 iguanas
  7 worker ants
  2 sheep (D:8)
  A hound zombie (D:5)
  A hound skeleton (D:4)
  4 gnolls (D:6)
  8 adders
  An adder skeleton (D:4)
  3 worms
  2 dart slugs
  6 giant geckos
  48 orcs
  2 ball pythons
  7 bats
  9 giant cockroaches
  12 hobgoblins
  5 jackals
  3 quokkas
  A giant gecko skeleton (D:6)
  5 giant newts
  4 goblins
  3 goblin skeletons (D:4)
  3 goblin zombies (D:4)
  A hobgoblin zombie (D:4)
  A jackal skeleton (D:4)
  8 kobolds
  A kobold zombie (D:4)
  An orc skeleton (D:4)
  2 orc zombies (D:4)
  A quokka skeleton (D:5)
  12 rats
  9 plants
295 creatures vanquished.

Vanquished Creatures (collateral kills)
  A warg (D:7)
  An orc warrior (D:7)
2 creatures vanquished.

Grand Total: 297 creatures vanquished

Notes
Turn   | Place    | Note
--------------------------------------------------------------
     0 | D:1      | nikopol the Minotaur Berserker began the quest for the Orb.
     0 | D:1      | Reached XP level 1. HP: 19/19 MP: 0/0
   243 | D:1      | Reached XP level 2. HP: 24/27 MP: 1/1
   350 | D:1      | Reached skill level 4 in Polearms
   635 | D:1      | Reached ** piety under Trog
   884 | D:2      | Reached XP level 3. HP: 29/33 MP: 2/2
  1280 | D:2      | Found an iron altar of Okawaru.
  1309 | D:2      | Reached XP level 4. HP: 41/41 MP: 3/3
  1634 | D:2      | Noticed Crazy Yiuf
  1641 | D:2      | Killed Crazy Yiuf
  1695 | D:2      | Found a bloodstained altar of Trog.
  2366 | D:3      | Reached *** piety under Trog
  2400 | D:3      | Found a sacrificial altar of Ru.
  2704 | D:3      | Found a stormy altar of Qazlal.
  2804 | D:4      | Noticed an ogre
  2810 | D:4      | Killed an ogre
  2810 | D:4      | Reached skill level 5 in Fighting
  2810 | D:4      | Reached skill level 5 in Polearms
  2810 | D:4      | Reached XP level 5. HP: 47/48 MP: 4/4
  2848 | D:4      | Found Uroethry's General Store.
  2854 | D:4      | Reached XP level 6. HP: 42/56 MP: 5/5
  3294 | D:4      | Found a glowing golden altar of the Shining One.
  3405 | D:4      | Reached **** piety under Trog
  3710 | D:5      | Entered Level 5 of the Dungeon
  3716 | D:5      | Reached XP level 7. HP: 51/62 MP: 6/6
  3718 | D:5      | Reached skill level 6 in Polearms
  3718 | D:5      | Reached skill level 5 in Armour
  3719 | D:5      | Noticed Pikel
  3989 | D:5      | Found a sparkling altar of Nemelex Xobeh.
  4037 | D:5      | Reached skill level 1 in Bows
  4092 | D:5      | Found a snail-covered altar of Cheibriados.
  4175 | D:5      | Found a shadowy altar of Dithmenos.
  4299 | D:5      | Killed Pikel
  4299 | D:5      | Reached skill level 7 in Polearms
  4299 | D:5      | Reached skill level 5 in Dodging
  4299 | D:5      | Reached XP level 8. HP: 13/71 MP: 7/7
  4709 | D:5      | Found an ancient bone altar of Kikubaaqudgha.
  5075 | D:5      | Noticed Eustachio
  5080 | D:5      | Killed Eustachio
  5080 | D:5      | Reached skill level 8 in Polearms
  5123 | D:5      | Found a deep blue altar of Sif Muna.
  5292 | D:5      | Found a burning altar of Makhleb.
  5791 | D:6      | Reached XP level 9. HP: 79/79 MP: 8/8
  5925 | D:6      | Reached skill level 5 in Bows
  5998 | D:6      | Received a gift from Trog
  6794 | D:7      | Found Noryor's Weapon Boutique.
  6824 | D:7      | Reached skill level 9 in Polearms
  6829 | D:7      | Found Nenetusk's Antique Weapon Emporium.
  6830 | D:7      | Found a staircase to the Ecumenical Temple.
  7527 | D:7      | Reached XP level 10. HP: 88/88 MP: 9/9
  7529 | D:7      | Received a gift from Trog
  7534 | D:7      | Noticed an orc warlord
  7799 | D:7      | Reached skill level 10 in Polearms
  8045 | D:7      | Killed an orc warlord
  8191 | D:7      | Received a gift from Trog
  8497 | D:7      | Received a gift from Trog
  9106 | D:7      | Reached skill level 11 in Polearms
  9358 | D:7      | Found an opulent altar of Gozag.
  9710 | D:7      | Noticed Joseph
  9717 | D:7      | Killed Joseph
  9779 | D:8      | Noticed Grum
  9867 | D:8      | Found a staircase to the Lair.
  9885 | D:8      | Killed Grum
  9885 | D:8      | Received a gift from Trog
  9910 | D:8      | Reached ***** piety under Trog
  9910 | D:8      | Reached XP level 11. HP: 64/97 MP: 10/10
 10384 | D:8      | Noticed a three-headed hydra
 10389 | D:8      | Killed a three-headed hydra
 10902 | Lair:1   | Entered Level 1 of the Lair of Beasts
 11223 | Lair:1   | Found a frozen archway.
 11233 | IceCv    | Entered an ice cave
 11235 | IceCv    | Noticed Gagarin's ghost (journeyman DDFi)
 11264 | IceCv    | Reached skill level 12 in Polearms
 11472 | IceCv    | Received a gift from Trog
 11726 | IceCv    | HP: 2/99 [polar bear (7)]
 11728 | IceCv    | Mangled by a polar bear

Skill      XL: |  1  2  3  4  5  6  7  8  9 10 11 |
---------------+----------------------------------+-----
Polearms       | 4 5 7 8 9 11 12 | 12.1
Armour         | 3 4 5 6 7 8 9 |  9.3
Fighting       | 4 5 6 7 8 9 |  9.7
Dodging        | 3 4 5 6 7 8 |  8.5
Bows           | 3 4 6 8 9 |  9.6

Action                   |  1- 3 |  4- 6 |  7- 9 | 10-12 || total
-------------------------+-------+-------+-------+-------++-------
Melee: Spear             |   110 |   474 |   146 |       ||   730
       Headbutt          |    11 |   151 |    50 |    61 ||   273
       Trident           |       |       |    81 |   311 ||   392
 Fire: Shortbow          |       |       |   267 |   242 ||   509
Invok: Berserk           |     1 |       |     5 |     8 ||    14
       Burn Spellbooks   |       |       |       |     2 ||     2
       Trog's Hand       |       |       |       |     1 ||     1
       Brothers in Arms  |       |       |       |     1 ||     1
  Use: Scroll            |       |       |     7 |     4 ||    11
       Potion            |       |       |       |     4 ||     4
 Stab: Sleeping          |     1 |       |       |       ||     1
  Eat: Chunk             |     2 |     7 |    15 |    23 ||    47
       Beef jerky        |       |     1 |     1 |       ||     2
       Fruit             |       |       |       |     1 ||     1
Armor: Animal skin       |     8 |       |       |       ||     8
       Leather armour    |     4 |       |       |       ||     4
       Ring mail         |     9 |    40 |    10 |       ||    59
       Chain mail        |       |       |   110 |    88 ||   198
       Skin              |       |       |       |     1 ||     1
Dodge: Dodged            |    47 |    68 |   150 |   135 ||   400
